 Dungeon Crawl Stone Soup version 0.20.0-15-g7f486f2 (webtiles) character file.

87 NoAnimeNoLife the Cudgeler (level 4, 0/35 HPs)
             Began as a Demonspawn Fighter on June 14, 2017.
             Slain by an adder (2 damage)
             ... on level 2 of the Dungeon.
             The game lasted 00:01:53 (2036 turns).

NoAnimeNoLife the Cudgeler (Demonspawn Fighter)     Turns: 2036, Time: 00:01:54

Health: 0/35       AC:  6    Str: 16    XL:     4   Next: 28%
Magic:  4/4        EV:  6    Int: 10    God:
Gold:   103        SH:  8    Dex: 13    Spells: 3/3 levels left

rFire    . . .     SeeInvis .   a - +0 flail
rCold    . . .     Gourm    .   c - +0 shield
rNeg     . . .     Faith    .   b - +0 scale mail
rPois    .         Spirit   .   (no helmet)
rElec    .         Reflect  .   (no cloak)
rCorr    .         Harm     .   (no gloves)
MR       .....                  (no boots)
Stlth    ++........             (no amulet)
Regen    0.2/turn               (no ring)
MPRegen  0.1/turn               (no ring)

@: lethally poisoned (0 -> -3), hasted, invisible, very quick
A: nightstalker 2
a: no special abilities


You were on level 2 of the Dungeon.
You were very hungry.

You visited 1 branch of the dungeon, and saw 2 of its levels.

You collected 103 gold pieces.

Inventory:

Hand Weapons
 a - a +0 flail (weapon)
Armour
 b - a +0 scale mail (worn)
 c - a +0 shield (worn)
Scrolls
 e - 3 scrolls of identify {unknown}
 i - a scroll of enchant weapon {unknown}
 k - 2 scrolls of amnesia {unknown}
 l - 2 scrolls of blinking {unknown}
 m - a scroll of magic mapping {unknown}
 n - a scroll of enchant armour {unknown}
 p - a scroll of teleportation {unknown}
Potions
 d - 2 potions of might
 g - a potion of cancellation
 o - a potion of berserk rage {unknown}
 q - a potion of heal wounds {unknown}
Comestibles
 f - a bread ration


   Skills:
 - Level 3.0 Fighting
 + Level 4.1 Maces & Flails
 - Level 2.7 Armour
 - Level 2.6 Shields


You had 3 spell levels left.
You didn't know any spells.

Dungeon Overview and Level Annotations

Branches:
Dungeon (2/15)

Altars:
Nemelex Xobeh
Zin


Innate Abilities, Weirdness & Mutations

You are significantly more attuned to the shadows.


Message History

You are feeling very hungry.
Your shield and scale mail prevent you from hitting the adder.
The adder is heavily wounded.
You feel sick. The adder bites you.
* * * LOW HITPOINT WARNING * * *
You are lethally poisoned!
The adder poisons you!
You hit the adder but do no damage.
The adder is heavily wounded.
You block the adder's attack. The adder bites you.
* * * LOW HITPOINT WARNING * * *
It was a potion of cancellation.
You feel magically purged.
* * * LOW HITPOINT WARNING * * *
You feel sick. You block the adder's attack.
It was a potion of haste.
You feel yourself speed up.
The adder bites you but does no damage. x2
It was a potion of invisibility.
You fade into invisibility!
The adder bites you.
You die...

##### #........ #
##..###### ###
##...## ..# .##.....#
#.###### # .....<.##
.......# #. #####.##
..####.# #.### #.#
..(..#.# #?.S# #.#
.###.#.# #@# #+#
.###.#.# ####.####
.......# #........#
#.##.### #.#..###.#
...#.########..†.###
...............†....!
...#.########....###.
#.##.# #...## ####.#
#.....


You could see an adder.

Vanquished Creatures
  3 adders (D:2)
  An ooze (D:1)
  A worm (D:2)
  A dart slug (D:1)
  A leopard gecko (D:2)
  A giant cockroach (D:1)
  8 goblins
  5 hobgoblins
  3 jackals (D:2)
  5 kobolds
  2 ball pythons
  6 bats
  4 frilled lizards
  10 rats
51 creatures vanquished.

Notes
Turn   | Place    | Note
-------+----------+-------------------------------------------
     0 | D:1      | NoAnimeNoLife the Demonspawn Fighter began the quest for the Orb.
     0 | D:1      | Reached XP level 1. HP: 18/18 MP: 1/1
    43 | D:1      | Reached skill level 2 in Maces & Flails
    78 | D:1      | Gained mutation: You are slightly more attuned to the shadows. [demonic ancestry]
    78 | D:1      | Reached XP level 2. HP: 13/24 MP: 2/2
   383 | D:1      | Reached skill level 3 in Maces & Flails
   602 | D:1      | Gained mutation: You are significantly more attuned to the shadows. [demonic ancestry]
   602 | D:1      | Reached XP level 3. HP: 27/29 MP: 3/3
  1229 | D:2      | Noticed an angel
  1230 | D:2      | Found a glowing silver altar of Zin.
  1634 | D:2      | Found a sparkling altar of Nemelex Xobeh.
  1698 | D:2      | Reached XP level 4. HP: 29/35 MP: 4/4
  1918 | D:2      | Reached skill level 4 in Maces & Flails
  2036 | D:2      | Slain by an adder

Skill      XL: |  1  2  3  4 |
---------------+-------------+-----
Maces & Flails | 2 3 4 |  4.1
Fighting       | |  3.0
Armour         | |  2.7
Shields        | |  2.6

Action                   |  1- 3 |  4- 6 || total
-------------------------+-------+-------++-------
Melee: Flail             |   159 |    57 ||   216
  Use: Potion            |       |     3 ||     3
 Stab: Sleeping          |     1 |     1 ||     2
  Eat: Chunk             |     3 |       ||     3
Armor: Scale mail        |   101 |    35 ||   136
Dodge: Dodged            |    53 |    19 ||    72
Block: Shield            |    91 |    22 ||   113
